 Dungeon Sprint DCSS version 0.21-a0-504-g2eda330 (webtiles) character file.

178 esteth the Poker (level 5, -9/44 HPs)
             Began as a Merfolk Skald on Nov 26, 2017.
             Was a Follower of Lugonu.
             Killed from afar by a deep elf mage (27 damage)
             ... with a bolt of cold
             ... in the Dungeon (Sprint V: "Ziggurat Sprint").
             The game lasted 00:01:50 (338 turns).

esteth the Poker (Merfolk Skald)                     Turns: 338, Time: 00:01:51

Health: -9/44      AC: 16    Str: 17    XL:     5   Next: 58%
Magic:  11/11      EV: 11    Int: 13    God:    Lugonu [*.....]
Gold:   0          SH:  0    Dex: 20    Spells: 6/12 levels left

rFire    . . .     SeeInvis .   I - +5 demon trident
rCold    . . .     Gourm    .   (no shield)
rNeg     . . .     Faith    .   J - +5 shadow dragon scales
rPois    .         Spirit   .   (no helmet)
rElec    .         Reflect  .   (no cloak)
rCorr    .         Harm     .   (no gloves)
MR       .....     NoTele   +   (no boots)
Stlth    +++.......             (no amulet)
HPRegen  0.14/turn              y - +6 ring of dexterity
MPRegen  0.12/turn              C - +6 ring of strength

@: no status effects
A: change form in water, swift swim, stealthy swim
a: Renounce Religion


You were in the Dungeon.
You worshipped Lugonu.
Lugonu was aware of your devotion.
You were not hungry.

You visited 1 branch

Inventory:

Hand Weapons
 a - a +0 spear
 H - a +5 bardiche
 I - a +5 demon trident (weapon)
Armour
 b - a +0 leather armour
 J - +5 shadow dragon scales (worn)
Jewellery
 y - a +6 ring of dexterity (left hand)
 z - a +6 ring of dexterity
 A - a +6 ring of intelligence
 B - a +6 ring of intelligence
 C - a +6 ring of strength (right hand)
 D - a +6 ring of strength
Wands
 E - a wand of disintegration (7)
 F - a wand of iceblast (7)
 G - a wand of acid (7)
Scrolls
 j - 4 scrolls of blinking
 q - 4 scrolls of amnesia
 r - 7 scrolls of fog
 s - a scroll of holy word
 t - 5 scrolls of identify
 u - 5 scrolls of remove curse
 v - 2 scrolls of fear
Potions
 e - 10 potions of curing
 f - 10 potions of heal wounds
 g - 6 potions of haste
 h - 7 potions of magic
 i - 3 potions of berserk rage
 k - 2 potions of brilliance
 l - 2 potions of invisibility
 m - 4 potions of resistance
 n - a potion of experience
 o - 5 potions of agility
 p - 5 potions of might
Books
 c - a book of Battle

   Spells                             Type                      Level
   a - Infusion                       Charms                       1
   b - Shroud of Golubria             Charms/Translocation         2
   c - Song of Slaying                Charms                       2
   d - Spectral Weapon                Hexes/Charms                 3
   e - Regeneration                   Charms/Necromancy            3
Comestibles
 d - 5 bread rations
 w - 42 fruits
 x - 4 meat rations


   Skills:
 + Level 5.1 Fighting
 + Level 7.2 Polearms
 - Level 3.2 Armour
 + Level 6.6 Dodging
 - Level 4.4 Spellcasting
 + Level 0.0 Hexes
 + Level 5.8 Charms


You had 6 spell levels left.
You knew the following spells:

 Your Spells              Type           Power        Failure   Level  Hunger
a - Infusion              Chrm           ###.         26%         1    None
b - Spectral Weapon       Hex/Chrm       ##......     95%         3    ###....
c - Shroud of Golubria    Chrm/Tloc      ##........   80%         2    ##.....


Dungeon Overview and Level Annotations

Branches:
Dungeon (1/1)

Altars:
Ashenzari
Cheibriados
Dithmenos
Elyvilon
Fedhas
Gozag
Hepliaklqana
Kikubaaqudgha
Makhleb
Nemelex Xobeh
Okawaru
Qazlal
Ru
Sif Muna
Trog
Uskayaw
Vehumet
Wu Jian
Xom
Yredelemnul
Zin
The Shining One
Beogh
Jiyva
Lugonu

Annotations:
D 1 transporter


Message History

The arrow hits you!
You see here an arrow.
The deep elf mage barely misses you.
All of the chunks of flesh in your inventory have rotted away.
You puncture the deep elf mage!
The deep elf mage is moderately wounded.
Okay, then.
You closely miss the deep elf archer.
The deep elf knight gestures wildly while chanting.
The deep elf knight seems to speed up.
You puncture the deep elf archer!
The deep elf archer is lightly wounded.
The deep elf knight unwields an uncursed longbow.
The deep elf knight wields an uncursed short sword.
The deep elf knight hits you with an uncursed short sword.
The deep elf archer blinks!
The deep elf mage points at you and mumbles some strange words.
The bolt of cold hits you!
Ouch! That really hurt!
You die...

▓▓▓▓▓▓▓▓▓▓▓▓▓
▓.8©8.▓.8©8.▓
▓.e}}.▓.....▓
▓.....▓.).).▓
▓.e§e.▓.....▓
▓..@..▓.....▓
▓..(..▓..©..▓
▓..©..▓▓▓▓▓▓▓
▓▓▓▓▓▓▓


You could see a deep elf archer, a deep elf knight and a deep elf mage.

Vanquished Creatures
  2 black bears (D)
2 creatures vanquished.

Notes
Turn   | Place    | Note
-------+----------+-------------------------------------------
     0 | D        | Found the +6 Majin-Bo {vamp, Archmagi MP+6 Int+6}
     0 | D        | Found the +7 great mace "Firestarter" {inner flame, rF++}
     0 | D        | esteth the Merfolk Skald began the quest for the Orb.
     0 | D        | Reached XP level 1. HP: 16/16 MP: 3/3
     0 | D        | Found a deep blue altar of Sif Muna.
     0 | D        | Found a sacrificial altar of Ru.
     0 | D        | Found a bloodstained altar of Trog.
     0 | D        | Found a stormy altar of Qazlal.
     0 | D        | Found an iron altar of Okawaru.
     0 | D        | Found a sparkling altar of Nemelex Xobeh.
     0 | D        | Found a blossoming altar of Fedhas.
     2 | D        | Found a transporter.
     2 | D        | Found an ancient bone altar of Kikubaaqudgha.
     2 | D        | Found a viscous altar of Jiyva.
     2 | D        | Found a corrupted altar of Lugonu.
     2 | D        | Found a hazy altar of Hepliaklqana.
     2 | D        | Found a burning altar of Makhleb.
     2 | D        | Found an opulent altar of Gozag.
    40 | D        | Became a worshipper of Lugonu the Unformed
    40 | D        | Reached * piety under Lugonu
    43 | D        | Found the +6 shillelagh "Devastator" {shatter}
    43 | D        | Found the +11 plutonium sword {*Contam Stlth-}
    43 | D        | Found the +8 lance "Wyrmbane" {slay drac, rPois rF+ rC+ AC+3}
    43 | D        | Found the +9 sword of Zonguldrok {reap}
    43 | D        | Found the cursed +13 scythe of Curses {drain, *Curse}
    43 | D        | Found the +0 sword of Power
    43 | D        | Found the +4 mace of Variability {chaos}
    43 | D        | Found the +7 Singing Sword
    43 | D        | Found the +7 longbow "Piercer" {penet, EV-2}
    44 | D        | Found the +9 heavy crossbow "Sniper" {velocity, Acc+∞ SInv}
    44 | D        | Found the +10 dark maul {crush}
    44 | D        | Found the +15 Maxwell's patent armour {-Cast -Tele rElec MR+ rCorr}
    44 | D        | Found the +18 shield of the Gong {rElec rN+ MR+ EV-5}
    44 | D        | Found the cursed +14 obsidian axe {chop, +Fly SInv *Curse}
    80 | D        | Entered arena 2.
    80 | D        | Noticed a black bear
    80 | D        | Noticed a black bear
    80 | D        | Found a transporter.
    87 | D        | Killed a black bear
    87 | D        | Reached skill level 5 in Polearms
    87 | D        | Reached skill level 5 in Dodging
    87 | D        | Reached skill level 5 in Charms
    87 | D        | Reached XP level 2. HP: 13/25 MP: 3/6
    87 | D        | Reached XP level 3. HP: 15/30 MP: 4/8
    87 | D        | Reached XP level 4. HP: 19/37 MP: 4/9
    91 | D        | Killed a black bear
    91 | D        | Reached skill level 5 in Fighting
    91 | D        | Reached skill level 7 in Polearms
    91 | D        | Reached XP level 5. HP: 10/44 MP: 4/11
   150 | D        | Learned a level 3 spell: Spectral Weapon
   153 | D        | Learned a level 2 spell: Shroud of Golubria
   333 | D        | Entered arena 3.
   333 | D        | Noticed a deep elf mage
   333 | D        | Noticed a deep elf knight
   333 | D        | Noticed a deep elf archer
   333 | D        | Found a transporter.
   338 | D        | Killed from afar by a deep elf mage

Vault maps used:
D:        sprint_v

Skill      XL: |  1  2  3  4 |
---------------+-------------+-----
Fighting       | 4 5 |  5.1
Polearms       | 5 7 |  7.2
Armour         | 2 3 |  3.2
Dodging        | 5 6 |  6.6
Spellcasting   | 3 4 |  4.4
Charms         | 5 |  5.8

Action                   |  1- 3 |  4- 6 || total
-------------------------+-------+-------++-------
Melee: Demon trident     |     5 |     7 ||    12
Armor: Shadow dragon sca |    16 |    10 ||    26
Dodge: Dodged            |     6 |     3 ||     9

Table legend:
 A = Spawn XP
 B = Non-spawn XP
 C = Spawn XP percentage of total XP
 D = Spawn monster count
 E = Non-spawn monster count
 F = Spawn count percentage of total count
 G = Total turns spent on level
                    A         B        C        D         E        F      G
               +---------+---------+-------+---------+---------+-------+---------
         Total |       0 |     255 |   0.0 |       0 |       2 |   0.0 |   338
               +---------+---------+-------+---------+---------+-------+---------
             D |       0 |     255 |   0.0 |       0 |       2 |   0.0 |   338
               +---------+---------+-------+---------+---------+-------+---------
